[ AOE2 MATCH · #493723651 ]
UnrankedJapanese vs Khitans
Player's team · WIN
Rival team · LOSS
[ REPLAY ANALYSIS · EXTRACTED FROM THE RECORDED GAME ]
Feudal
12:37
Castle
23:36
Imperial
—
| APM avg | 60.1 |
| APM peak | 170 |
| eAPM avg | 20.4 |
| Villagers / military | 136 / 70 |
Focus
⚔️ 31.5% · 🌾 68.5%
Cavalry Archer ×48 · Militia ×10 · Spearman ×6 · Archer ×4 · Battering Ram ×2
Feudal
11:01
Castle
27:04
Imperial
40:23
| APM avg | 56.9 |
| APM peak | 186 |
| eAPM avg | 24.1 |
| Villagers / military | 129 / 46 |
Focus
⚔️ 50.1% · 🌾 49.9%
Scout Cavalry ×34 · Steppe Lancer ×12 · Unknown (1920) ×5
Match map
Initial resources + every placement click. Lines = walls · curves = elevation contours. ◆ gold · ⬟ stone · ● berries · ✦ relic · ◌ wall gap
Your base· Open — opponent sealed themselves in
Ustad's base· ✓ Closed at 27:04 · 41t walls · no gate
Smoothed initial terrain · ◌ = detected wall gap · hover for details
Inputs per minute
— Feroker - - Ustad
Build order — Feroker
First 150 of 327 actions detected
| 0:00 | Create | Villager (Male) |
| 0:02 | Build | House |
| 0:03 | Build | House |
| 0:04 | Create | Villager (Male) |
| 0:07 | Create | Villager (Male) |
| 0:11 | Create | Villager (Male) |
| 1:22 | Create | Villager (Male) |
| 1:47 | Create | Villager (Male) |
| 1:55 | Build | Lumber Camp |
| 2:19 | Create | Villager (Male) |
| 2:52 | Create | Villager (Male) |
| 2:57 | Create | Villager (Male) |
| 3:39 | Create | Villager (Male) |
| 3:51 | Build | House |
| 4:03 | Build | House |
| 4:12 | Create | Villager (Male) |
| 4:12 | Create | Villager (Male) |
| 4:45 | Create | Villager (Male) |
| 4:47 | Build | Barracks |
| 5:10 | Create | Villager (Male) |
| 5:26 | Create | Villager (Male) |
| 5:43 | Build | Mill |
| 5:45 | Create | Militia |
| 5:45 | Create | Militia |
| 5:46 | Create | Villager (Male) |
| 5:49 | Build | House |
| 6:22 | Create | Villager (Male) |
| 6:33 | Build | Mill |
| 6:50 | Create | Villager (Male) |
| 7:02 | Create | Militia |
| 7:17 | Create | Villager (Male) |
| 8:06 | Create | Villager (Male) |
| 8:09 | Build | Mining Camp |
| 8:17 | Create | Villager (Male) |
| 8:19 | Create | Militia |
| 8:19 | Create | Militia |
| 8:23 | Build | House |
| 9:17 | Create | Militia |
| 9:18 | Create | Villager (Male) |
| 9:33 | Create | Villager (Male) |
| 9:33 | Create | Militia |
| 9:41 | Build | House |
| 10:02 | Research | Loom |
| 10:05 | Create | Militia |
| 10:15 | Research | Feudal Age |
| 10:43 | Create | Militia |
| 10:48 | Build | Farm |
| 10:49 | Build | Farm |
| 11:21 | Build | Farm |
| 11:41 | Create | Villager (Male) |
| 11:43 | Create | Militia |
| 11:54 | Build | Farm |
| 12:29 | Build | House |
| 12:37 | Age | Feudal Age |
| 12:39 | Research | Man-at-Arms (upgrade) |
| 12:39 | Research | Man-at-Arms (upgrade) |
| 12:40 | Research | Double-Bit Axe |
| 12:41 | Create | Villager (Male) |
| 12:47 | Build | Archery Range |
| 12:58 | Create | Villager (Male) |
| 13:04 | Build | Lumber Camp |
| 13:12 | Build | Watch Tower |
| 13:25 | Build | Watch Tower |
| 13:31 | Create | Villager (Male) |
| 13:48 | Create | Villager (Male) |
| 13:54 | Research | Arson |
| 14:19 | Create | Villager (Male) |
| 14:20 | Create | Archer |
| 14:24 | Build | House |
| 14:28 | Create | Villager (Male) |
| 14:43 | Build | Blacksmith |
| 14:51 | Create | Spearman |
| 14:53 | Create | Villager (Male) |
| 14:59 | Create | Archer |
| 15:20 | Build | House |
| 15:21 | Build | House |
| 15:34 | Build | House |
| 15:35 | Research | Fletching |
| 15:38 | Create | Villager (Male) |
| 16:06 | Build | House |
| 16:22 | Build | Farm |
| 16:27 | Build | Market |
| 16:34 | Build | Mining Camp |
| 16:35 | Create | Villager (Male) |
| 16:51 | Create | Archer |
| 17:09 | Create | Villager (Male) |
| 17:24 | Create | Villager (Male) |
| 17:43 | Build | Mining Camp |
| 17:55 | Create | Villager (Male) |
| 18:19 | Create | Villager (Male) |
| 18:33 | Build | Watch Tower |
| 18:50 | Create | Villager (Male) |
| 19:17 | Create | Villager (Male) |
| 19:26 | Build | Farm |
| 19:29 | Build | Farm |
| 19:29 | Build | Farm |
| 19:30 | Build | Farm |
| 19:30 | Build | Farm |
| 19:30 | Build | Farm |
| 19:30 | Build | Farm |
| 19:33 | Build | Farm |
| 19:34 | Create | Villager (Male) |
| 19:50 | Create | Villager (Male) |
| 20:23 | Build | Farm |
| 20:41 | Build | Farm |
| 20:56 | Research | Castle Age |
| 21:24 | Build | Farm |
| 21:45 | Create | Archer |
| 22:12 | Create | Spearman |
| 22:47 | Create | Villager (Male) |
| 22:52 | Create | Villager (Male) |
| 23:04 | Create | Spearman |
| 23:05 | Create | Villager (Male) |
| 23:19 | Create | Villager (Male) |
| 23:25 | Create | Spearman |
| 23:25 | Create | Villager (Male) |
| 23:33 | Create | Spearman |
| 23:36 | Age | Castle Age |
| 23:39 | Research | Bodkin Arrow |
| 23:47 | Build | Town Center |
| 24:10 | Create | Spearman |
| 24:11 | Create | Villager (Male) |
| 24:22 | Create | Villager (Male) |
| 24:35 | Create | Villager (Male) |
| 24:38 | Create | Villager (Male) |
| 24:51 | Create | Cavalry Archer |
| 24:59 | Create | Villager (Male) |
| 25:01 | Build | Farm |
| 25:15 | Build | Farm |
| 25:17 | Build | Farm |
| 25:20 | Research | Horse Collar |
| 25:32 | Create | Villager (Male) |
| 25:38 | Create | Villager (Male) |
| 25:45 | Create | Cavalry Archer |
| 26:07 | Create | Cavalry Archer |
| 26:07 | Create | Villager (Male) |
| 26:19 | Create | Villager (Male) |
| 26:25 | Create | Villager (Male) |
| 26:31 | Create | Villager (Male) |
| 26:40 | Create | Villager (Male) |
| 26:54 | Create | Villager (Male) |
| 26:58 | Create | Cavalry Archer |
| 26:59 | Create | Villager (Male) |
| 27:06 | Build | Town Center |
| 27:13 | Create | Villager (Male) |
| 27:32 | Create | Villager (Male) |
| 27:38 | Create | Cavalry Archer |
| 27:38 | Create | Cavalry Archer |
| 27:39 | Create | Villager (Male) |
| 28:05 | Create | Cavalry Archer |
Build order — Ustad
First 150 of 219 actions detected
| 0:01 | Create | Villager (Male) ×4 |
| 0:02 | Build | House |
| 0:04 | Build | House |
| 1:41 | Create | Villager (Male) |
| 1:41 | Create | Villager (Male) |
| 2:03 | Create | Villager (Male) |
| 2:05 | Build | Lumber Camp |
| 2:17 | Create | Villager (Male) |
| 2:17 | Create | Villager (Male) |
| 2:58 | Create | Villager (Male) ×2 |
| 3:08 | Build | House |
| 3:52 | Create | Villager (Male) ×2 |
| 4:21 | Create | Villager (Male) |
| 4:46 | Build | House |
| 5:13 | Create | Villager (Male) |
| 5:48 | Create | Villager (Male) ×2 |
| 6:12 | Build | Mill |
| 6:21 | Create | Villager (Male) |
| 6:21 | Create | Villager (Male) |
| 6:51 | Build | Barracks |
| 6:53 | Build | Palisade Wall |
| 6:58 | Build | Palisade Wall |
| 7:00 | Create | Villager (Male) |
| 7:01 | Create | Villager (Male) |
| 7:01 | Create | Villager (Male) |
| 7:15 | Create | Villager (Male) ×2 |
| 7:38 | Build | Palisade Wall |
| 7:51 | Create | Villager (Male) ×2 |
| 7:56 | Research | Loom |
| 7:56 | Research | Loom |
| 8:20 | Create | Villager (Male) ×5 |
| 8:51 | Research | Feudal Age |
| 9:22 | Build | Palisade Wall |
| 9:37 | Build | House |
| 9:39 | Build | House |
| 10:17 | Build | House |
| 10:28 | Build | Palisade Wall |
| 10:51 | Create | Villager (Male) |
| 11:01 | Age | Feudal Age |
| 11:02 | Build | Palisade Wall |
| 11:06 | Build | Watch Tower |
| 11:07 | Create | Villager (Male) ×5 |
| 11:18 | Build | House |
| 11:18 | Create | Villager (Male) ×5 |
| 11:18 | Create | Villager (Male) ×5 |
| 11:21 | Build | Palisade Wall |
| 11:38 | Create | Villager (Male) |
| 11:56 | Build | Mill |
| 12:14 | Build | House |
| 12:30 | Build | Palisade Wall |
| 12:31 | Build | Palisade Wall |
| 12:46 | Build | House |
| 13:14 | Build | Stable |
| 13:24 | Create | Villager (Male) |
| 13:32 | Build | Stone Wall |
| 13:34 | Build | Stone Wall |
| 13:57 | Build | Palisade Wall |
| 13:58 | Create | Villager (Male) ×5 |
| 14:06 | Create | Villager (Male) |
| 14:13 | Create | Scout Cavalry |
| 14:14 | Create | Scout Cavalry |
| 14:22 | Build | Blacksmith |
| 14:51 | Research | Forging |
| 14:51 | Research | Scale Barding Armor |
| 15:00 | Build | House |
| 15:09 | Build | Palisade Wall |
| 15:13 | Build | Palisade Wall |
| 15:13 | Create | Villager (Male) |
| 15:23 | Build | Mill |
| 15:33 | Create | Scout Cavalry |
| 15:34 | Create | Scout Cavalry |
| 15:42 | Build | House |
| 16:08 | Build | Lumber Camp |
| 16:36 | Create | Villager (Male) |
| 16:59 | Build | Pasture |
| 17:13 | Build | Pasture |
| 17:17 | Create | Villager (Male) |
| 17:20 | Build | Palisade Wall |
| 17:25 | Build | Palisade Wall |
| 17:31 | Build | House |
| 17:35 | Build | House |
| 17:37 | Build | Pasture |
| 17:38 | Create | Villager (Male) ×4 |
| 18:00 | Create | Villager (Male) |
| 18:25 | Build | Pasture |
| 18:42 | Create | Villager (Male) |
| 18:50 | Build | Pasture |
| 19:05 | Build | Pasture |
| 19:13 | Build | House |
| 19:13 | Build | House |
| 19:13 | Build | House |
| 19:14 | Build | House |
| 19:43 | Build | Pasture |
| 19:49 | Create | Scout Cavalry ×2 |
| 19:50 | Create | Scout Cavalry ×2 |
| 19:56 | Build | Palisade Wall |
| 20:06 | Build | Pasture |
| 20:07 | Create | Scout Cavalry |
| 20:08 | Create | Scout Cavalry |
| 20:28 | Create | Scout Cavalry |
| 20:28 | Create | Scout Cavalry |
| 20:32 | Build | House |
| 20:35 | Build | Palisade Wall |
| 20:39 | Build | Pasture |
| 20:47 | Create | Scout Cavalry ×2 |
| 20:54 | Build | House |
| 20:56 | Build | House |
| 20:59 | Create | Villager (Male) |
| 21:24 | Build | Pasture |
| 21:45 | Build | Pasture |
| 21:57 | Create | Villager (Male) |
| 22:04 | Build | Mining Camp |
| 22:14 | Create | Villager (Male) |
| 22:15 | Create | Villager (Male) |
| 22:25 | Create | Scout Cavalry |
| 22:25 | Create | Scout Cavalry |
| 22:34 | Build | House |
| 23:15 | Create | Scout Cavalry ×5 |
| 23:20 | Create | Villager (Male) ×5 |
| 23:24 | Build | Pasture |
| 23:28 | Build | House |
| 23:28 | Build | House |
| 23:28 | Build | House |
| 23:47 | Build | Market |
| 24:00 | Build | House |
| 24:16 | Build | Lumber Camp |
| 24:24 | Research | Castle Age |
| 24:41 | Create | Villager (Male) |
| 24:46 | Build | Palisade Wall |
| 24:58 | Build | Stable |
| 25:00 | Build | Stable |
| 25:40 | Build | Palisade Wall |
| 26:01 | Build | Mining Camp |
| 26:08 | Build | House |
| 26:13 | Build | House |
| 26:27 | Create | Scout Cavalry ×5 |
| 27:04 | Age | Castle Age |
| 27:08 | Research | Light Cavalry (upgrade) |
| 27:09 | Research | Husbandry |
| 27:15 | Research | Iron Casting |
| 27:19 | Create | Steppe Lancer ×2 |
| 27:19 | Create | Steppe Lancer ×2 |
| 27:37 | Build | Pasture |
| 28:17 | Build | Town Center |
| 28:26 | Create | Steppe Lancer |
| 28:26 | Create | Steppe Lancer |
| 29:18 | Build | Town Center |
| 29:28 | Research | Wheelbarrow |
| 29:29 | Research | Town Watch |
| 29:30 | Research | Double-Bit Axe |
Match timeline
| 4:47 | Feroker · first_building Barracks |
| 6:51 | Ustad · first_building Barracks |
| 6:53 | Ustad · wall_segment Palisade Wall x1 |
| 6:58 | Ustad · wall_segment Palisade Wall x9 |
| 7:38 | Ustad · wall_segment Palisade Wall x3 |
| 9:22 | Ustad · wall_segment Palisade Wall x1 |
| 10:28 | Ustad · wall_segment Palisade Wall x1 |
| 11:01 | Ustad · age_up feudal |
| 11:02 | Ustad · wall_segment Palisade Wall x2 |
| 11:21 | Ustad · wall_segment Palisade Wall x1 |
| 12:30 | Ustad · wall_segment Palisade Wall x2 |
| 12:31 | Ustad · wall_segment Palisade Wall x4 |
| 12:37 | Feroker · age_up feudal |
| 12:47 | Feroker · first_building Archery Range |
| 13:14 | Ustad · first_building Stable |
| 13:32 | Ustad · wall_segment Stone Wall x2 |
| 13:34 | Ustad · wall_segment Stone Wall x4 |
| 13:57 | Ustad · wall_segment Palisade Wall x1 |
| 15:09 | Ustad · wall_segment Palisade Wall x7 |
| 15:13 | Ustad · wall_segment Palisade Wall x2 |
| 17:20 | Ustad · wall_segment Palisade Wall x1 |
| 17:25 | Ustad · wall_segment Palisade Wall x3 |
| 19:23 | Feroker · first_market_buy 500 food |
| 19:56 | Ustad · wall_segment Palisade Wall x3 |
| 20:01 | Feroker · first_market_sell 100 wood |
| 20:35 | Ustad · wall_segment Palisade Wall x1 |
| 23:36 | Feroker · age_up castle |
| 24:46 | Ustad · wall_segment Palisade Wall x5 |
| 25:40 | Ustad · wall_segment Palisade Wall x1 |
| 26:52 | Ustad · first_market_sell 100 wood |
| 27:04 | Ustad · age_up castle |
| 28:10 | Feroker · first_building Stable |
| 33:39 | Ustad · first_building Castle |
| 33:54 | Feroker · first_building Castle |
| 37:15 | Feroker · first_building Siege Workshop |
| 38:08 | Ustad · first_market_buy 100 stone |
| 40:23 | Ustad · age_up imperial |
| 41:02 | Ustad · resign |
[ AI ANALYSIS · 1 CREDIT ]
What really happened in this match?
Wolo.gg analyzes every decision: build order, eco, micro, common mistakes by bracket. Personalized analysis on WhatsApp or Discord in 30 seconds.
Civ guide
Japanese
Perfil
Jugador #228725